 Dungeon Crawl Stone Soup version 0.31-a0-1237-gabc64e778c (webtiles) character file.

Game seed: 1857834384686002915

152254 grandjackal the Warrior (level 17, 0/157 (168) HPs)
             Began as a Grey Draconian Gladiator on Dec 15, 2023.
             Was the Champion of Okawaru.
             Slain by a jumping spider (4 damage)
             ... summoned by a broodmother
             ... on level 1 of the Spider Nest.
             The game lasted 00:45:04 (28216 turns).

grandjackal the Warrior (Grey Draconian Gladiator) Turns: 28216, Time: 00:45:04

HP:   0/157 (168)   AC: 17    Str: 21    XL:     17   Next: 2%
MP:   27/27         EV: 19    Int:  9    God:    Okawaru [******]
Gold: 1617          SH: 14    Dex: 25    Spells: 16/16 levels left

rFire   + . .        R - +9 demon blade (vamp)
rCold   . . .        S - +0 kite shield
rNeg    . . .        (body armour unavailable)
rPois   +            b - +1 hat
rElec   .            q - +2 cloak
rCorr   +            F - +3 pair of gauntlets of War {Slay+5}
SInv    .            U - +2 pair of boots {rampage}
Will    +....        Y - amulet of Vufa {Acrobat rPois rCorr Str+5}
Stlth   ++           x - +6 ring of dexterity
HPRegen 0.46/turn    L - ring of protection from fire
MPRegen 0.20/turn

%: acrobat, rampage
@: corroded, drained
A: AC +14, amphibious, unfitting armour, cold-blooded, weak 1
a: Renounce Religion, Heroism, Finesse, Duel


You were on level 1 of the Spider Nest.
You worshipped Okawaru.
Okawaru was exalted by your worship.
You visited 5 branches of the dungeon, and saw 24 of its levels.
You also visited: Sewer, Bailey, Gauntlet and Ice Cave.

You collected 3296 gold pieces.
You spent 1679 gold pieces at shops.

Inventory:

Hand Weapons
 a - a +7 scimitar of flaming
 R - a +9 vampiric demon blade (weapon)
Missiles
 c - 2 throwing nets
 d - 22 javelins
 y - 14 boomerangs (quivered)
 J - 7 silver javelins
Armour
 b - a +1 hat (worn)
 q - a +2 cloak (worn)
 F - the +3 pair of gauntlets of War (worn) {Slay+5}
   (Okawaru gifted it to you on level 2 of the Orcish Mines)

   Slay+5:    It affects your accuracy & damage with ranged weapons and melee
   (+5).
 S - a +0 kite shield (worn)
 U - a +2 pair of boots of rampaging (worn)
Jewellery
 g - an amulet of reflection
 x - a +6 ring of dexterity (left hand)
 z - a ring of protection from cold
 L - a ring of protection from fire (right hand)
 W - a ring of protection from cold
 Y - the amulet of Vufa (around neck) {Acrobat rPois rCorr Str+5}
   (You bought it in a shop on level 6 of the Dungeon)

   [amulet of the acrobat]

   Acrobat:   It increases your evasion while moving and waiting.
   Str+5:     It affects your strength (+5).
   rPois:     It protects you from poison rCorr: It protects you from acid and
   corrosion.
Wands
 t - a wand of light (15)
 A - a wand of charming (13)
 K - a wand of flame (39)
 O - a wand of mindburst (4)
 T - a wand of iceblast (9)
Scrolls
 e - 3 scrolls of butterflies
 i - 6 scrolls of immolation
 k - 12 scrolls of teleportation
 m - 7 scrolls of blinking
 n - 4 scrolls of brand weapon
 r - 2 scrolls of enchant armour
 s - 7 scrolls of revelation
 u - 4 scrolls of fog
 C - 4 scrolls of poison
 E - 2 scrolls of silence
 G - 3 scrolls of torment
 H - 3 scrolls of fear
 P - 2 scrolls of vulnerability
 V - 3 scrolls of identify
Potions
 f - a potion of ambrosia
 h - 3 potions of enlightenment
 j - 4 potions of curing
 l - 3 potions of brilliance
 o - 2 potions of haste
 p - 5 potions of mutation
 v - 9 potions of heal wounds
 w - a potion of cancellation
 B - 3 potions of berserk rage
 I - 2 potions of invisibility
 M - 3 potions of resistance
 N - 3 potions of might
 Q - a potion of magic
 X - 3 potions of lignification
Miscellaneous
 D - a phial of floods


   Skills:
 + Level 19.0 Fighting
 - Level 14.0 Long Blades
 - Level 14.0 Throwing
 + Level 9.4 Dodging
 + Level 10.8 Shields
 - Level 14.0 Invocations


You had 16 spell levels left.
You didn't know any spells.
Your spell library contained the following spells:

 Spells                   Type           Power      Damage    Failure   Level
 Sandblast                Erth           0%         2d4       58%         1
 Lesser Beckoning         Tloc           0%         N/A       73%         2
 Passwall                 Tmut/Erth      0%         N/A       73%         2
 Static Discharge         Conj/Air       0%         3-3/arc   73%         2
 Wereblood                Tmut           0%         N/A       73%         2
 Gell's Gravitas          Tloc           0%         N/A       91%         3
 Stone Arrow              Conj/Erth      0%         3d7       91%         3
 Teleport Other           Tloc           0%         N/A       91%         3
 Airstrike                Air            0%         2d(0-16)  100%        4
 Brom's Barrelling Bould  Conj/Erth      0%         2d3       100%        4
 Dimensional Bullseye     Hex/Tloc       0%         N/A       100%        4
 Iskenderun's Mystic Bla  Conj/Tloc      0%         2d3       100%        4
 Irradiate                Conj/Tmut      0%         3d11      100%        5
 Conjure Ball Lightning   Conj/Air       0%         3x3d6     100%        6
 Discord                  Hex            0%         N/A       100%        8
 Disjunction              Tloc           0%         N/A       100%        8
 Summon Small Mammal      Summ           Unusable   N/A       N/A         1
 Call Canine Familiar     Summ           Unusable   N/A       N/A         3
 Summon Guardian Golem    Hex/Summ       Unusable   N/A       N/A         3
 Tukima's Dance           Hex            Unusable   N/A       N/A         3
 Summon Lightning Spire   Summ/Air       Unusable   N/A       N/A         4

Dungeon Overview and Level Annotations

Branches:
Dungeon (15/15)            Temple (1/1) D:6            Lair (5/5) D:8
  Swamp (0/4) Lair:3       Spider (1/4) Lair:3        Slime (0/5) Lair:5
    Orc (2/2) D:11            Elf (0/3) Orc:2        Vaults (0/5) D:13
 Depths (0/4) D:15          Sewer (visited)          Bailey (visited)
  IceCv (visited)         Gauntlet (visited)

Altars:
Ashenzari
Cheibriados
Dithmenos
Elyvilon
Fedhas
Gozag
Hepliaklqana
Kikubaaqudgha
Makhleb
Nemelex Xobeh
Okawaru
Qazlal
Ru
Sif Muna
Trog
Uskayaw
Vehumet
Wu Jian
Xom
Yredelemnul
Zin
The Shining One

Shops:
D:6 =   D:11 (   D:15 !   Orc:2 (?!?


Innate Abilities, Weirdness & Mutations

Your dull iron-grey scales are very hard. (AC +14)
You are amphibious.
You cannot fit into any form of body armour.
You are cold-blooded and may be slowed by cold attacks.
You are weak. (Str -2)


Message History

The broodmother bites you!! The redback closely misses you.
The pharaoh ant bites you!
You feel drained.
The web tears apart.
The tarantella barely misses you.
The jumping spider pounces on you but does no damage.
You block the jumping spider's attack. You block the redback's attack.
The broodmother closely misses you. The pharaoh ant barely misses you.
The jumping spider misses you. You block the jumping spider's attack.
The tarantella touches you but does no damage.
The redback closely misses you.
You slice the broodmother!!
The broodmother is moderately wounded.
You block the broodmother's attack. You block the pharaoh ant's attack.
The tarantella barely misses you. The jumping spider closely misses you.
You block the jumping spider's attack.
The redback bites you but does no damage.
Unknown command.
You slice the broodmother!!
You feel better.
You tail-slap the broodmother.
The broodmother is heavily wounded.
The broodmother bites you.
A spider bursts forth from the wound!
The pharaoh ant completely misses you. You block the tarantella's attack.
You block the jumping spider's attack. x2
The redback bites you but does no damage.
Unknown command.
You slice the broodmother!!
You feel better.
You tail-slap the broodmother.
The broodmother is heavily wounded.
The culicivora chitters at the broodmother.
The broodmother is healed somewhat.
The pharaoh ant bites you!!
* * * LOW HITPOINT WARNING * * *
You feel drained.
* * * LOW HITPOINT WARNING * * *
You block the tarantella's attack. The broodmother bites you!!
* * * LOW HITPOINT WARNING * * *
A spider bursts forth from the wound!
The jumping spider barely misses you. You block the jumping spider's attack.
You block the redback's attack.
You barely miss the broodmother.
The broodmother is heavily wounded.
The tarantella barely misses you. The pharaoh ant completely misses you.
You block the redback's attack. You block the broodmother's attack.
The jumping spider pounces on you.
You die...

.# .# ## ### ^# #.. ...
.# =...#..# ..# ..
######...#...#####.. .s.
.##.........#.#.#..s #...
.........^......... .....
#.#..>###.#..#.ss###B..^.
.....#.^....#.ss@#ss...##
..............#sBss.....#
.....#.........##sss....#
(..#........#.^†.s......#
....#..##...##..#...#..##
##..##.....#.........###
#.#..^..#...#........#
##...##...#........=.#
##...............#...#


You could see a broodmother, a wolf spider (summoned), an orb spider (summoned),
3 culicivoras, a pharaoh ant, a jumping spider (summoned), a tarantella
(summoned) and 3 redbacks.

Vanquished Creatures
  Frances (D:14)
  A quicksilver ooze (Gauntlet)
  A minotaur (Gauntlet)
  Nessos (Lair:5)
  A fire dragon (Lair:5)
  2 entropy weavers (Spider:1)
  A rakshasa (D:10)
  4 hydras
  2 jorogumos (Spider:1)
  A hell beast (Gauntlet)
  3 ogre magi
  A catoblepas (Lair:4)
  7 boulder beetles
  2 tengu warriors
  12 two-headed ogres
  6 centaur warriors
  A death scarab (Spider:1)
  A demonic crawler (Spider:1)
  4 death yaks (Lair:4)
  A skyshark (Lair:2)
  A pharaoh ant (Spider:1)
  8 skeletal warriors
  A sun moth (Spider:1)
  2 deep trolls (Orc:2)
  Lodul (D:14)
  4 orb spiders
  4 orc knights
  A lindwurm (Lair:5)
  A steelbarb worm (Spider:1)
  4 orc sorcerers
  2 cyclopes (Orc:2)
  5 wolf spiders
  19 ugly things
  5 manticores
  A manticore (shapeshifter) (D:13)
  12 elephants
  A salamander (D:15)
  Maurice (D:7)
  2 ice statues (IceCv)
  2 molten gargoyles (Lair:5)
  An apocalypse crab (Gauntlet)
  10 black mambas
  12 cane toads
  A torpor snail (Lair:2)
  A smoke demon (Gauntlet)
  4 gargoyles
  A kobold demonologist (Bailey)
  A freezing wraith (IceCv)
  4 rime drakes
  13 komodo dragons
  4 centaur skeletons (D:13)
  3 yaktaurs
  A minotaur zombie (Gauntlet)
  An efreet (D:14)
  2 tengu conjurers (D:15)
  3 meliai (D:15)
  11 trolls
  4 tarantellas (Spider:1)
  A merfolk (shapeshifter) (D:15)
  3 polar bears
  A raiju (Gauntlet)
  9 dream sheep
  A hornet (D:6)
  5 blink frogs (Lair:3)
  6 jumping spiders (Spider:1)
  6 slime creatures
  5 culicivoras (Spider:1)
  2 vampires
  2 shadows
  A human (D:10)
  2 wraiths (D:12)
  5 wyverns
  7 basilisks
  38 yaks
  2 hogs (D:10)
  3 steam dragons
  10 redbacks (Spider:1)
  Menkaure (D:5)
  2 wargs
  A harpy simulacrum (D:15)
  4 acid dragons
  3 vampire mosquitoes
  6 hell hounds
  20 water moccasins
  An ice beast (shapeshifter) (D:14)
  2 ice beasts
  22 orc warriors
  3 black bears
  A sky beast (D:8)
  31 ogres
  A boggart (D:13)
  3 centaurs (D:9)
  21 wolves
  2 phantoms
  7 kobold brigands
  2 brain worms (Sewer)
  11 bullfrogs
  2 gnoll sergeants
  2 scorpions (D:4)
  A cane toad simulacrum (IceCv)
  10 wights
  10 killer bees
  3 howler monkeys
  8 electric eels
  2 crimson imps (Gauntlet)
  5 lava snakes (Lair:5)
  3 jellies
  5 hounds
  Crazy Yiuf (D:3)
  A gnoll bouda (D:8)
  19 orc priests
  4 iguanas
  17 orc wizards
  A wolf simulacrum (IceCv)
  Robin (D:3)
  17 gnolls
  9 adders
  14 white imps
  2 ufetubi (D:5)
  4 worms
  3 dart slugs
  65 orcs
  9 ball pythons
  6 endoplasms
  9 giant cockroaches
  16 goblins
  18 hobgoblins
  6 jackals
  15 kobolds
  12 quokkas
  7 bats
  5 frilled lizards
  9 rats
  A butterfly (D:3)
782 creatures vanquished.

Vanquished Creatures (others)
  A goblin (Bailey)
1 creature vanquished.

Grand Total: 783 creatures vanquished

Notes
Turn   | Place    | Note
-------+----------+-------------------------------------------
     0 | D:1      | grandjackal the Draconian Gladiator began the quest for the
                  | Orb.
     0 | D:1      | Reached XP level 1. HP: 17/17 MP: 1/1
   235 | D:1      | Reached XP level 2. HP: 12/25 MP: 2/2
   472 | D:1      | Found a faded altar of an unknown god.
   491 | D:1      | Reached XP level 3. HP: 21/30 MP: 3/3
  1975 | D:3      | Reached skill level 3 in Fighting
  2039 | D:3      | Noticed Robin
  2053 | D:3      | Killed Robin
  2054 | D:3      | Reached XP level 4. HP: 28/38 MP: 4/4
  2402 | D:2      | Reached XP level 5. HP: 45/45 MP: 5/5
  2574 | D:3      | Found a shimmering altar of Xom.
  2643 | D:3      | Reached skill level 4 in Fighting
  2904 | D:3      | Found a runed translucent door.
  2905 | D:3      | Noticed Crazy Yiuf
  2959 | D:3      | Killed Crazy Yiuf
  3265 | D:4      | Noticed a phantom
  3281 | D:4      | Killed a phantom
  3282 | D:4      | Reached XP level 6. HP: 42/53 MP: 6/6
  3419 | D:4      | Found a glowing drain.
  3446 | Sewer    | Entered a sewer
  3526 | Sewer    | Reached skill level 5 in Long Blades
  3636 | Sewer    | Reached skill level 5 in Fighting
  3636 | Sewer    | Your scales start taking on a dull iron-grey colour.
  3636 | Sewer    | Reached XP level 7. HP: 51/61 MP: 4/7
  3992 | D:4      | Found a hide-covered altar of Uskayaw.
  4071 | D:4      | Reached skill level 5 in Dodging
  4157 | D:4      | Found a hazy altar of Hepliaklqana.
  4434 | D:5      | Entered Level 5 of the Dungeon
  4468 | D:5      | Reached skill level 6 in Fighting
  4610 | D:4      | Reached XP level 8. HP: 49/70 MP: 8/8
  5054 | D:5      | Noticed Menkaure
  5305 | D:5      | Noticed a gargoyle
  5402 | D:5      | Found an ornate altar of the Wu Jian Council.
  5621 | D:6      | Reached skill level 7 in Fighting
  5761 | D:6      | Found a white marble altar of Elyvilon.
  5902 | D:6      | Found a staircase to the Ecumenical Temple.
  5909 | Temple   | Entered the Ecumenical Temple
  5913 | Temple   | Became a worshipper of Warmaster Okawaru
  6005 | D:6      | Noticed a hornet
  6013 | D:6      | Killed a hornet
  6014 | D:6      | Reached skill level 1 in Invocations
  6014 | D:6      | Reached XP level 9. HP: 71/80 MP: 9/9
  6377 | D:6      | Found Tyefylal's Jewellery Boutique.
  6563 | D:5      | Killed a gargoyle
  6564 | D:5      | Reached skill level 5 in Throwing
  6573 | D:5      | Reached skill level 8 in Fighting
  6934 | D:5      | Killed Menkaure
  7130 | D:7      | Noticed Maurice
  7145 | D:7      | Killed Maurice
  7145 | D:7      | Reached * piety under Okawaru
  7397 | D:7      | Found a broken altar of Ashenzari.
  7401 | D:7      | Saw a vision of the Swamp and the Spider Nest.
  7401 | D:7      | Noticed a demonic crawler
  7401 | D:7      | Noticed a wolf spider
  7401 | D:7      | Noticed a bog body
  7401 | D:7      | Noticed a moth of wrath
  7401 | D:7      | Noticed a jorogumo
  7401 | D:7      | Noticed a goliath frog
  7401 | D:7      | Noticed a will-o-the-wisp
  7401 | D:7      | Noticed an emperor scorpion
  7401 | D:7      | Noticed a pharaoh ant
  7401 | D:7      | Noticed an emperor scorpion
  7402 | D:7      | Noticed a wolf spider
  7402 | D:7      | Noticed a steelbarb worm
  7402 | D:7      | Noticed an alligator
  7403 | D:7      | Noticed a demonic crawler
  7403 | D:7      | Noticed an alligator
  7403 | D:7      | Noticed a pharaoh ant
  7404 | D:7      | Noticed a spriggan rider
  7404 | D:7      | Noticed a spriggan rider
  7405 | D:7      | Noticed an entropy weaver
  7408 | D:7      | Noticed a spriggan druid
  7569 | D:7      | Found a flagged portal.
  7575 | Bailey   | Entered a bailey
  7636 | Bailey   | Acquired 758 gold pieces
  8040 | Bailey   | Reached skill level 9 in Fighting
  8040 | Bailey   | Reached XP level 10. HP: 91/91 MP: 13/13
  8290 | Bailey   | Found an iron altar of Okawaru.
  8290 | Bailey   | Noticed an orc sorcerer
  8319 | Bailey   | Killed an orc sorcerer
  8319 | Bailey   | Reached ** piety under Okawaru
  8320 | Bailey   | Reached skill level 5 in Invocations
  8450 | D:7      | Noticed a two-headed ogre
  8478 | D:7      | Killed a two-headed ogre
  9056 | D:8      | Reached *** piety under Okawaru
  9216 | D:8      | Found a staircase to the Lair.
 10046 | D:8      | Reached skill level 10 in Fighting
 10446 | D:9      | Noticed a tengu warrior
 10448 | D:9      | Noticed a centaur warrior
 10466 | D:9      | Killed a tengu warrior
 10468 | D:9      | Reached **** piety under Okawaru
 10469 | D:9      | Reached XP level 11. HP: 100/100 MP: 14/16
 10478 | D:9      | Killed a centaur warrior
 10749 | D:9      | Acquired a manual of Fighting
 11293 | D:9      | Found a glowing silver altar of Zin.
 11872 | D:10     | Entered Level 10 of the Dungeon
 11878 | D:10     | Noticed a tengu warrior
 11899 | D:10     | Killed a tengu warrior
 11900 | D:10     | Reached skill level 10 in Long Blades
 11917 | D:10     | Reached skill level 10 in Throwing
 11919 | D:10     | Noticed a centaur warrior
 11933 | D:10     | Killed a centaur warrior
 11934 | D:10     | Reached skill level 11 in Fighting
 12154 | D:10     | Noticed a rakshasa
 12425 | D:10     | Killed a rakshasa
 12782 | D:10     | Noticed a centaur warrior
 12794 | D:10     | Killed a centaur warrior
 13063 | D:10     | Found a bloodstained altar of Trog.
 13304 | D:10     | Reached ***** piety under Okawaru
 13322 | D:10     | Reached skill level 12 in Fighting
 13807 | D:11     | Found a staircase to the Orcish Mines.
 14035 | D:11     | Received a gift from Okawaru
 14287 | D:11     | Identified the +3 ring mail "Bass" {rF+}
 14425 | D:11     | Found Mahaluom's Antique Weapon Shop.
 14555 | D:11     | Reached XP level 12. HP: 95/113 MP: 18/18
 15751 | D:12     | You fall into a shaft and drop 1 floor!
 15814 | D:12     | Noticed a boulder beetle
 15835 | D:12     | Killed a boulder beetle
 15836 | D:12     | Reached skill level 13 in Fighting
 16599 | Orc:1    | Entered Level 1 of the Orcish Mines
 17552 | Orc:2    | Entered Level 2 of the Orcish Mines
 17619 | Orc:2    | Noticed a two-headed ogre
 17651 | Orc:2    | Killed a two-headed ogre
 17992 | Orc:1    | Noticed a two-headed ogre
 18018 | Orc:2    | Killed a two-headed ogre
 18019 | Orc:2    | Reached skill level 14 in Fighting
 18070 | Orc:1    | Gained mutation: You are weak. (Str -2) [a neqoxec]
 18071 | Orc:1    | Reached ****** piety under Okawaru
 18072 | Orc:1    | Reached skill level 10 in Invocations
 18153 | Orc:1    | Acquired a +6 vampiric demon blade
 18153 | Orc:1    | Received a gift from Okawaru
 18280 | Orc:2    | Received a gift from Okawaru
 18287 | Orc:2    | Acquired the +3 pair of gauntlets of War {Slay+5}
 18287 | Orc:2    | Received a gift from Okawaru
 18287 | Orc:2    | Found the +3 pair of gauntlets of War {Slay+5}
 18311 | Orc:2    | Found a radiant altar of Vehumet.
 18338 | Orc:2    | Found a staircase to the Elven Halls.
 18357 | Orc:1    | Paralysed by an orc sorcerer for 5 turns
 18748 | Orc:2    | Noticed a two-headed ogre
 18748 | Orc:2    | Noticed a two-headed ogre
 18751 | Orc:2    | Killed a two-headed ogre
 18751 | Orc:2    | Noticed a two-headed ogre
 18752 | Orc:2    | Noticed a two-headed ogre
 18753 | Orc:2    | Noticed a two-headed ogre
 18758 | Orc:2    | Noticed a two-headed ogre
 18761 | Orc:2    | Killed a two-headed ogre
 18764 | Orc:2    | Killed a two-headed ogre
 18764 | Orc:2    | Noticed a two-headed ogre
 18766 | Orc:2    | Killed a two-headed ogre
 18772 | Orc:2    | Reached XP level 13. HP: 121/125 MP: 18/20
 18784 | Orc:2    | Reached skill level 15 in Fighting
 18799 | Orc:2    | Received a gift from Okawaru
 18869 | Orc:2    | Found Caviap's Distillery.
 18871 | Orc:2    | Found Vitahamu's Antique Weapon Boutique.
 18882 | Orc:2    | Found Wuarph's Magic Scroll Emporium.
 18884 | Orc:2    | Bought a potion of degeneration for 11 gold pieces
 18887 | Orc:2    | Bought a potion of curing for 33 gold pieces
 18887 | Orc:2    | Bought a potion of might for 44 gold pieces
 18887 | Orc:2    | Bought a potion of resistance for 110 gold pieces
 18887 | Orc:2    | Bought a potion of heal wounds for 55 gold pieces
 18887 | Orc:2    | Bought a potion of attraction for 33 gold pieces
 18895 | Orc:2    | Found Nausito's Magic Scroll Shop.
 18928 | Orc:2    | Bought a scroll of blinking for 120 gold pieces
 18928 | Orc:2    | Bought a scroll of poison for 64 gold pieces
 18928 | Orc:2    | Bought a scroll of vulnerability for 64 gold pieces
 18932 | Orc:2    | Bought a scroll of teleportation for 48 gold pieces
 18932 | Orc:2    | Bought a scroll of fear for 64 gold pieces
 18932 | Orc:2    | Bought a scroll of teleportation for 48 gold pieces
 18932 | Orc:2    | Bought a scroll of fear for 64 gold pieces
 18932 | Orc:2    | Bought a scroll of teleportation for 48 gold pieces
 18937 | Orc:2    | Bought a scroll of enchant armour for 105 gold pieces
 19205 | Lair:1   | Entered Level 1 of the Lair of Beasts
 19435 | Lair:1   | Found a transporter.
 19437 | Lair:1   | Found a transporter.
 19553 | Lair:1   | Reached skill level 16 in Fighting
 20317 | Lair:2   | Received a gift from Okawaru
 20440 | Lair:2   | Found a frozen archway.
 20512 | IceCv    | Entered an ice cave
 20516 | IceCv    | Found a transporter.
 20535 | IceCv    | Found a transporter.
 21134 | Lair:3   | Reached XP level 14. HP: 138/138 MP: 23/23
 21205 | Lair:3   | Reached skill level 1 in Shields
 21293 | Lair:3   | Found a hole to the Spider Nest.
 21307 | Lair:3   | Received a gift from Okawaru
 21323 | Lair:3   | Found a staircase to the Swamp.
 22209 | Lair:4   | Reached skill level 17 in Fighting
 22222 | Lair:4   | Received a gift from Okawaru
 22897 | Lair:5   | Entered Level 5 of the Lair of Beasts
 22983 | Lair:5   | Identified the +1 robe of the Wereyak {rPois Archmagi}
 23074 | Lair:5   | Noticed Nessos
 23081 | Lair:5   | Received a gift from Okawaru
 23553 | Lair:5   | Found a staircase to the Slime Pits.
 23563 | Lair:5   | Killed Nessos
 23642 | Lair:5   | Reached skill level 5 in Shields
 24395 | Lair:5   | Received a gift from Okawaru
 24424 | Lair:5   | Found a large runed translucent door.
 24426 | Lair:5   | Found a large runed translucent door.
 24444 | Lair:5   | Reached XP level 15. HP: 147/147 MP: 25/25
 24444 | Lair:5   | Reached XP level 16. HP: 156/156 MP: 26/26
 24938 | D:13     | Found a glowing golden altar of the Shining One.
 25228 | D:13     | Found a gate to the Vaults.
 25566 | D:14     | Found a gate leading to a gauntlet.
 25590 | D:14     | Reached skill level 18 in Fighting
 25605 | Gauntlet | Entered a Gauntlet
 25605 | Gauntlet | Found a transporter.
 25669 | Gauntlet | Found a transporter.
 25670 | Gauntlet | Found a transporter.
 25675 | Gauntlet | Found a transporter.
 25681 | Gauntlet | Found a transporter.
 25682 | Gauntlet | Found a transporter.
 25690 | Gauntlet | Found a transporter.
 25694 | Gauntlet | Found a transporter.
 25702 | Gauntlet | Found a transporter.
 25706 | Gauntlet | Found a transporter.
 25714 | Gauntlet | Found a transporter.
 25735 | Gauntlet | Found a transporter.
 25747 | Gauntlet | Found a transporter.
 25759 | Gauntlet | Found a transporter.
 25860 | Gauntlet | Identified the amulet "Icsaetew" {Reflect Rampage rElec
                  | Slay-2 SH+5}
 25924 | Gauntlet | Identified the +1 broad axe "Rompydula" {flame, rPois Str+3
                  | SInv}
 25924 | Gauntlet | Identified the +0 scale mail of Spring Thaw {rElec rCorr
                  | Str+2 Stlth+}
 25960 | D:14     | Noticed Frances
 25977 | D:14     | Killed Frances
 26068 | D:14     | Noticed Lodul
 26078 | D:14     | Killed Lodul
 26139 | D:14     | Received a gift from Okawaru
 26447 | D:15     | Entered Level 15 of the Dungeon
 26630 | D:15     | Received a gift from Okawaru
 26642 | D:15     | Reached skill level 10 in Shields
 26890 | D:15     | Found Ifenk's Distillery.
 26897 | D:15     | Bought a potion of curing for 45 gold pieces
 26897 | D:15     | Bought a potion of curing for 45 gold pieces
 26897 | D:15     | Bought a potion of curing for 45 gold pieces
 26897 | D:15     | Bought a potion of might for 60 gold pieces
 27044 | D:15     | Found a staircase to the Depths.
 27368 | D:6      | Bought the amulet of Vufa {Acrobat rPois rCorr Str+5} for
                  | 573 gold pieces
 27513 | Spider:1 | Entered Level 1 of the Spider Nest
 28025 | Spider:1 | Paralysed by a jorogumo for 3 turns
 28089 | Spider:1 | Reached skill level 19 in Fighting
 28193 | Spider:1 | Reached XP level 17. HP: 168/168 MP: 27/27
 28208 | Spider:1 | Received a gift from Okawaru
 28215 | Spider:1 | HP: 4/157 [broodmother (28)]
 28216 | Spider:1 | Slain by a jumping spider

Illustrated notes

Levels and vault maps discovered:
D:1:      wheals_arrival_shading, layout_basic,
          hellmonk_ecumenical_altar_blasted
D:2:      layout_loops_corners, minmay_puff
D:3:      layout_loops_ring, xom_butterflies, minmay_misc_feat_doors,
          uniq_robin, uniq_crazy_yiuf_cottage
D:4:      layout_loops_cross, mainiacjoe_overflow_concentric_impassable,
          nicolae_uskayaw_murder_on_the_dancefloor, gup_sewer_entry_pipe,
          enter_ossuary_1, hangedman_decor_slide_cut
D:5:      layout_gridville, mainiacjoe_overflow_small_starburst,
          minmay_manual_moon, uniq_menkaure
D:6:      layout_basic, overflow_temple_1_default, minmay_temple_entry_wispy,
          serial_shops, nicolae_shop_stone, lemuel_flame_loot_1
D:7:      layout_basic, grunt_ashenzari_visionary
          [grunt_ashenzari_visionary_swamp, grunt_ashenzari_visionary_spider],
          enter_bailey_2, nicolae_kite_square_tiling_tiny, uniq_maurice
D:8:      layout_loops_ring, erik_lair_island, serial_co_window_serial,
          co_window_paths_a, co_window_corner_a, co_window_paths_b,
          co_window_corner_a, co_window_paths_b, co_window_cross_2,
          co_window_2corner, co_window_of_opportunity_b, co_window_corner_b,
          co_window_4corner_a, glass_columns_a, glass_columns_a,
          glass_columns_b, small_statue_intersection
D:9:      layout_layer_cave, mainiacjoe_overflow_brackets, nicolae_doodle_vault
D:10:     layout_irregular_city, general_overflow_altar, grunt_livestock,
          kb_rosetta
D:11:     layout_basic, david_orc_3, serial_shops, kennysheep_little_box
D:12:     layout_layer_cave
D:13:     layout_roguey, hangedman_vaults_entry_quadrant_bands, tso_oasis_becter
D:14:     layout_loops_ring, gauntlet_entry_generic, uniq_frances, uniq_lodul
D:15:     hangedman_depths_entry_try_elsewhere_first, layout_cave_pools,
          serial_shops, nicolae_diamond_shop
Temple:   zaba_magenta_temple
Lair:1:   gammafunk_boulding_lane, layout_cave_pods, lemuel_fruit_fields
Lair:2:   layout_misc_corridors, portal_ice_cave_entry_imps, grunt_megastairs_2,
          infiniplex_staircase_pool
Lair:3:   dreamdust_cave_troll, layout_regular_city, swamp_mist_pool,
          nicolae_spider_entry_orb_guardian
Lair:4:   layout_concentric_octagons, hellmonk_talismancer, grunt_megastairs_1,
          serial_bayou_shore_a
Lair:5:   cheibrodos_lair_end_hotspot, layout_loops_ring,
          dpeg_slime_entry_enclosed, uniq_nessos
Spider:1: nicolae_spider_hilbert_zone_2 [nicolae_spider_hilbert_4_sides_1_open,
          nicolae_spider_hilbert_4_sides_1_open,
          nicolae_spider_hilbert_4_sides_1_open,
          nicolae_spider_hilbert_4_sides_1_open,
          nicolae_spider_hilbert_6_sides_1_open,
          nicolae_spider_hilbert_6_sides_1_open,
          nicolae_spider_hilbert_3_sides_1_open,
          nicolae_spider_hilbert_3_sides_1_open,
          nicolae_spider_hilbert_3_sides_1_open,
          nicolae_spider_hilbert_3_sides_1_open,
          nicolae_spider_hilbert_6_sides_1_open,
          nicolae_spider_hilbert_6_sides_1_open,
          nicolae_spider_hilbert_6_sides_1_open,
          nicolae_spider_hilbert_6_sides_1_open]
Orc:1:    nicolae_orc_accident_2, layout_diamond_mine, basic_altar
Orc:2:    st_orc_open, layout_diamond_mine, basic_altar

Skill      XL: |  1  2  3  4  5  6  7  8  9 10 11 12 13 14 15 16 |
---------------+-------------------------------------------------+-----
Throwing       | 2 4 7 9 11 13 14 | 14.0
Dodging        | 3 4 5 6 9 |  9.4
Fighting       | 3 4 5 6 7 9 10 12 14 16 17 19 | 19.0
Long Blades    | 4 5 6 7 8 9 10 12 13 14 | 14.0
Invocations    | 1 4 6 8 10 12 13 14 | 14.0
Shields        | 5 8 10 | 10.8

Action                     |  1- 3 |  4- 6 |  7- 9 | 10-12 | 13-15 | 16-18 || total
---------------------------+-------+-------+-------+-------+-------+-------++-------
  Melee: Long sword        |    12 |       |     9 |   133 |       |       ||   154
         Short sword       |   119 |   176 |   357 |   613 |       |       ||  1265
         Tailslap          |    10 |    22 |    77 |   219 |   140 |   144 ||   612
         Punch             |     1 |     2 |     4 |    22 |    12 |       ||    41
         Dagger            |       |    49 |    89 |   149 |     6 |       ||   293
         Scimitar          |       |       |       |    81 |       |    17 ||    98
         Demon blade       |       |       |       |    83 |   698 |   585 ||  1366
  Throw: Throwing net      |       |       |     3 |     3 |       |       ||     6
         Boomerang         |       |       |     2 |    20 |    13 |       ||    35
 Invoke: Heroism           |       |       |       |     6 |     1 |     2 ||     9
         Finesse           |       |       |       |     1 |     1 |       ||     2
         Receive Weapon    |       |       |       |     1 |       |       ||     1
         Receive Armour    |       |       |       |     1 |       |       ||     1
  Evoke: Wand              |       |       |     4 |     6 |     2 |       ||    12
    Use: Scroll            |       |       |    10 |     9 |     9 |     8 ||    36
         Potion            |       |       |     1 |     6 |     4 |       ||    11
   Stab: Sleeping          |     1 |       |     1 |     6 |     2 |     4 ||    14
         Held in net/web   |       |       |     3 |     3 |       |       ||     6
         Distracted        |       |       |     1 |     1 |       |     2 ||     4
 Armour: Skin              |    53 |    72 |   220 |   560 |   409 |   298 ||  1612
  Dodge: Dodged            |    56 |   137 |   268 |   693 |   386 |   321 ||  1861
  Block: Other             |    26 |    42 |    84 |   194 |    99 |       ||   445
         Reflection        |       |     1 |     2 |    10 |     1 |    13 ||    27
         Kite shield       |       |       |       |       |       |   540 ||   540

Table legend: (Time is in decaauts)
 A = Elapsed time spent in this place.
 B = Non-inter-level travel time spent in this place.
 C = Inter-level travel time spent in this place.
 D = Time resting spent in this place.
 E = Time spent auto-exploring this place.
 F = Levels seen in this place.
 G = Mean time per level.
                   A        B        C        D        E       F      G
               +--------+--------+--------+--------+--------+-----+--------+
         Total |  27389 |  25844 |   1545 |   6284 |  13263 |  28 |  978.2 |
       Dungeon |  18017 |  16977 |   1040 |   4560 |   8885 |  15 | 1201.1 |
        Temple |      8 |      8 |      0 |      0 |      0 |   1 |    8.0 |
          Lair |   5199 |   4821 |    378 |    712 |   3083 |   5 | 1039.8 |
   Spider Nest |    445 |    434 |     11 |     60 |    156 |   1 |  445.0 |
  Orcish Mines |   1975 |   1861 |    114 |    417 |    823 |   2 |  987.5 |
         Sewer |    418 |    418 |      0 |      0 |    288 |   1 |  418.0 |
        Bailey |    771 |    771 |      0 |    313 |     27 |   1 |  771.0 |
      Ice Cave |    224 |    224 |      0 |    165 |      0 |   1 |  224.0 |
      Gauntlet |    329 |    329 |      0 |     57 |      0 |   1 |  329.0 |
               +--------+--------+--------+--------+--------+-----+--------+

Top non-repeatable levels by time:
     D:9: 2343 daAuts
    D:11: 2113 daAuts
     D:4: 1695 daAuts
     D:8: 1420 daAuts
  Lair:5: 1313 daAuts
    D:10: 1306 daAuts
   Orc:1: 1254 daAuts
     D:3: 1251 daAuts
  Lair:4: 1184 daAuts
    D:12: 1119 daAuts
  Lair:1: 1039 daAuts
  Lair:3: 1026 daAuts
     D:2: 1018 daAuts
     D:6: 987 daAuts
     D:1: 986 daAuts
